 Dungeon Crawl Stone Soup version 0.28.0 (webtiles) character file.

Game seed: 3743425691193536282

6 crazypyro the Ducker (level 1, 0/10 HPs)
             Began as a Tengu Earth Elementalist on Feb 9, 2022.
             Slain by a jackal (2 damage)
             ... on level 1 of the Dungeon on Feb 10, 2022.
             The game lasted 00:00:36 (96 turns).

crazypyro the Ducker (Tengu Earth Elementalist)       Turns: 96, Time: 00:00:36

Health: 0/10       AC:  2    Str:  8    XL:     1   Next: 90%
Magic:  1/4        EV: 12    Int: 15    God:
Gold:   0          SH:  0    Dex: 14    Spells: 3/4 levels left

rFire   . . .      SeeInvis .   (no weapon)
rCold   . . .      Faith    .   (no shield)
rNeg    . . .      Spirit   .   b - +0 robe
rPois   .          Reflect  .   (helmet restricted)
rElec   .          Harm     .   (no cloak)
rCorr   .          Rampage  .   (no gloves)
Will    .....                   (boots unavailable)
Stlth   ++........              (no amulet)
HPRegen 0.03/turn               (no ring)
MPRegen 0.09/turn               (no ring)

@: no status effects
A: beak, talons 3
a: no special abilities


You were on level 1 of the Dungeon.
You visited 1 branch of the dungeon, and saw 1 of its levels.

Inventory:

Missiles
 c - 25 stones
Armour
 b - a +0 robe (worn)
Potions
 a - a potion of curing {unknown}


   Skills:
 + Level 2.3 Dodging
 + Level 2.1 Stealth
 + Level 2.1 Spellcasting
 + Level 0.9 Transmutations
 + Level 2.2 Earth Magic


You had 3 spell levels left.
You knew the following spells:

 Your Spells              Type           Power      Damage    Failure   Level
a - Sandblast             Erth           16%        2d6       9%          1

Your spell library contained the following spells:

 Spells                   Type           Power      Damage    Failure   Level
 Passwall                 Tmut/Erth      5%         N/A       17%         2
 Stone Arrow              Conj/Erth      8%         3d7       38%         3
 Petrify                  Tmut/Erth      6%         N/A       75%         4


Dungeon Overview and Level Annotations

Branches:
Dungeon (1/15)

Altars:


Innate Abilities, Weirdness & Mutations

You have a beak for a mouth.
You have claws for feet.


Message History

There are monsters nearby!
A jackal comes into view.
Found a stone staircase leading down.
The endoplasm quivers.
The endoplasm hits you. The jackal bites you.
You closely miss the jackal. The jackal barely misses you.
The endoplasm barely misses you.
The blast of sand hits the jackal.
The jackal is severely wounded.
The jackal barks!
The jackal barely misses you. The endoplasm hits you.
Your magical contamination has completely faded away.
The jackal barely misses you.
You hit the jackal.
You kill the jackal!
The endoplasm hits you but does no damage.
The endoplasm hits you.
* * * LOW HITPOINT WARNING * * *
You see here a jackal corpse.
Welcome back, crazypyro the Tengu Earth Elementalist.
Press ? for a list of commands and other information.
You are too injured to fight recklessly!
Casting: Sandblast (safe; 9% risk of failure)
Confirm with . or Enter, or press ? or * to list all spells.
Aiming: Sandblast (safe; 9% risk of failure)
Press: ? - help, Shift-Dir - straight line, f - endoplasm
Aim: an endoplasm (98% to hit)
The blast of sand hits the endoplasm!
You kill the endoplasm!
The jackal closely misses you.
Unknown command.
The jackal closely misses you. The jackal barely misses you.
You see here 8 gold pieces.
The jackal closely misses you.
A kobold comes into view. It is wielding a +0 club.
A ball python comes into view.
The kobold shouts!
The jackal bites you.
You die...

#8.#.8#.. S.......
##.#.##.. ##......#
##8...8### ........#
8#8#8#...#8#8 ........#
............. ........+
###...<...## ........#
............. ........#
8#8#8#...#8#8
.......@########8...8###
.......h.......##.#.##..
...........##..#8.#.8#..
..........####.##.#.##.#
K..........##..#8...8#..
...###..$......###'###..
.........####...........
.....)....# #+###...####
.........## ..####.#


You could see a jackal, a ball python (asleep) and a kobold.

Vanquished Creatures
  An endoplasm (D:1)
  A goblin (D:1)
  A hobgoblin (D:1)
  A jackal (D:1)
  A rat (D:1)
5 creatures vanquished.

Notes
Turn   | Place    | Note
-------+----------+-------------------------------------------
     0 | D:1      | crazypyro the Tengu Earth Elementalist began the quest for
                  | the Orb.
     0 | D:1      | Reached XP level 1. HP: 10/10 MP: 4/4
    96 | D:1      | Slain by a jackal

Illustrated notes

Levels and vault maps discovered:
D:1:      heliophobic_arrival_ceremonial_halls, layout_basic,
          kennysheep_small_spiral, minmay_tromino_mix6

Action                   || total
-------------------------++-------
Melee: Unarmed           ||     2
 Cast: Sandblast         ||     5
Armor: Robe              ||     1
Dodge: Dodged            ||     8
